 Dungeon Crawl Stone Soup version bcrawl-1.18 (webtiles) character file.

Game seed: 6079522593247258914

34077 JackS81 the Thaumaturge (level 13, -1/88 HPs)
             Began as a Fairy Earth Elementalist on Nov 2, 2019.
             Was a High Priest of Vehumet.
             Slain by a komodo dragon (8 damage)
             ... while petrified by a basilisk
             ... on level 6 of the Lair of Beasts on Nov 3, 2019.
             The game lasted 01:48:20 (15725 turns).

JackS81 the Thaumaturge (Fairy Earth Elementalist) Turns: 15725, Time: 01:48:20

Health: -1/88      AC: 10    Str:  9    XL:     13   Next: 75%
Magic:  27/31      EV:  3    Int: 18    God:    Vehumet [*****.]
Gold:   1269       SH:  0    Dex: 23    Spells: 13/37 levels left

rFire    . . .     SeeInvis .   y - +0 dagger (speed)
rCold    . . .     Gourm    .   x - +1 shield
rNeg     + + +     Faith    .   (armour unavailable)
rPois    ∞         Spirit   .   (no helmet)
rElec    +         Reflect  .   (no cloak)
rCorr    .         Harm     .   D - +2 pair of gloves {Str+3}
MR       +....                  (no boots)
Stlth    +.........             (no amulet)
HPRegen  0.24/turn              p - +4 ring of dexterity
MPRegen  0.22/turn              w - ring of insulation

@: petrified, flying evasively
A: small, magic attunement, unstealthy, unfitting armour, able to fly, AC/SH +7
a: Stop Flying, Renounce Religion


You were on level 6 of the Lair of Beasts.
You worshipped Vehumet.
Vehumet was extremely pleased with you.
You were not hungry.

You visited 3 branches of the dungeon, and saw 15 of its levels.

You collected 1269 gold pieces.

Inventory:

Hand Weapons
 h - a +2 whip of electrocution
 j - a +1 dagger
 s - a cursed +2 dagger
 u - a +2 vampiric whip
 v - a +1 whip of venom
 y - a +0 dagger of speed (weapon)
 A - the +5 scimitar of Ru's Benevolence {slice, rC+ Int+2}
   (You found it on level 5 of the Dungeon)

   It inflicts extra damage upon your enemies.
   It affects your intelligence (+2).
   It protects you from cold.
Missiles
 b - 1637 stones (quivered)
 l - 1167 sling bullets
 q - a throwing net {!f}
Armour
 x - a +1 shield (worn)
 D - a +2 pair of gloves of strength (worn)
Jewellery
 p - a +4 ring of dexterity (left hand)
 t - an uncursed amulet of rage
 w - a ring of insulation (right hand)
 L - a cursed ring of attention {unknown}
 M - an uncursed ring of flight {unknown}
Wands
 m - a wand of random effects (5)
 F - a wand of digging (11)
 H - a wand of enslavement (13)
Scrolls
 a - 13 scrolls of teleportation
 f - 3 scrolls of fog
 g - 8 scrolls of remove curse
 o - 2 scrolls of enchant armour
 z - a scroll of amnesia
 G - a scroll of magic mapping
 J - 2 scrolls of identify
 N - 2 scrolls of fear
 O - 3 scrolls of enchant weapon
Potions
 d - a potion of invisibility {unknown}
 e - 3 potions of mutation
 i - 4 potions of flight
 k - 5 potions of curing
 n - 3 potions of agility
 r - 2 potions of lignification
 B - 2 potions of brilliance {unknown}
 C - 4 potions of heal wounds
 I - 2 potions of haste {unknown}
 K - 2 potions of degeneration {unknown}
 P - 2 potions of might {unknown}
 Q - a potion of resistance {unknown}
Comestibles
 c - 28 rations {!d}


   Skills:
 * Level 7.8 Fighting
 - Level 3.0 Short Blades
 * Level 11.3 Dodging
 - Level 1.5 Stealth
 * Level 9.9 Shields
 + Level 12.7 Spellcasting
 + Level 11.3 Conjurations
 - Level 1.1 Transmutations
 + Level 1.0 Fire Magic
 + Level 12.6 Earth Magic
 - Level 2.2 Evocations


You had 13 spell levels left.
You knew the following spells:

 Your Spells              Type           Power        Failure   Level  Hunger
a - Sandblast             Erth           ######       1%          1    None
b - Stone Arrow           Conj/Erth      ######       1%          3    None
c - Petrify               Tmut/Erth      #####...     10%         4    None
d - Lee's Rapid Deconstr  Erth           ######....   1%          5    None
e - Searing Ray           Conj           ######       1%          2    None
f - Sticky Flame          Conj/Fire      ####....     3%          4    None
g - Bolt of Magma         Conj/Fire/Erth #####.....   4%          5    None

Your spell library contained the following spells:

 Spells                   Type           Power        Failure   Level  Hunger
 Passwall                 Tmut/Erth      #####...     1%          2    None
 Bolt of Draining         Conj/Necr      ####......   12%         5    None
 Animate Skeleton         Necr           N/A          17%         1    None
 Pain                     Necr           ##....       17%         1    None
 Recall                   Summ/Tloc      N/A          45%         3    None
 Regeneration             Chrm/Necr      ##........   45%         3    None
 Vampiric Draining        Necr           ##........   45%         3    None
 Animate Dead             Necr           N/A          86%         4    None
 Borgnjor's Vile Clutch   Necr/Erth      ####......   88%         6    None
 Death Channel            Chrm/Necr      ##........   100%        6    None
 Simulacrum               Ice/Necr       ##........   100%        6    None


Dungeon Overview and Level Annotations

Branches:
Dungeon (8/12)             Temple (1/1) D:5            Lair (6/6) D:7
  Swamp (0/3) Lair:3        Snake (0/3) Lair:2        Slime (0/5) Lair:6
    Orc: D:8-11

Altars:
Ashenzari
Cheibriados
Elyvilon
Fedhas
Gozag
Hepliaklqana
Kikubaaqudgha
Lugonu
Makhleb
Nemelex Xobeh
Qazlal
Ru
Sif Muna
Trog
Uskayaw
Vehumet
Wu Jian
Xom
Yredelemnul
Zin
The Shining One

Shops:
D:8 [:

Annotations:
D:4 2 runed translucent doors, yrara's ghost, novice DsFi
Lair:6 2 runed doors


Innate Abilities, Weirdness & Mutations

Your spells do not cause hunger and MP costs are reduced by 1.
Your bright wings attract enemies. (Stealth-)
You cannot fit into any form of body armour.
Your shimmering scales are hard and can block incoming attacks. (AC +7, SH +7)
You are small and have problems with some larger weapons.
You can fly continuously.


Message History

The basilisk gazes at you.
You easily resist.
You have turned to stone.
The komodo dragon bites you!! x2
The basilisk bites you! The komodo dragon bites you!! The basilisk bites you.
The komodo dragon bites you!!
The basilisk hisses menacingly.
The basilisk barely misses you.
The komodo dragon bites you but does no damage.
The basilisk bites you!
* * * LOW HITPOINT WARNING * * *
The komodo dragon bites you!
* * * LOW HITPOINT WARNING * * *
The basilisk gazes at you.
You easily resist.
The komodo dragon bites you!!
* * * LOW HITPOINT WARNING * * *
The basilisk bites you but does no damage.
The komodo dragon bites you!
You die...

## #### ##...# ##.....
≈### ######....#
#...... §§§#
#8#)#.....#### ##P....
#≈≈####.........#8#
#P....
##≈≈##8..........##
##.P..
##≈§.......#....8#
##...
#≈≈≈≈#.....#.....##
####
#§≈≈≈##....≈#.)..8# #
##≈######...≈§.§@### #
#≈≈## ###≈≈§≈§ll#
≈§.§## ≈≈§≈≈§≈§≈..≈
≈§§§.#≈≈######≈§§#...#
≈§§..§≈##...$##≈≈###...
§...≈§§#.... #≈≈# ....
§......+... #§≈≈ ...
.......+ #≈≈≈ ..
....§≈§#


You could see a komodo dragon and a basilisk.

Vanquished Creatures
  2 hydras
  4 death yaks
  Pikel (D:6)
  3 oklob plants (Lair:4)
  20 elephants
  2 molten gargoyles (Lair:6)
  A black mamba (Lair:5)
  A torpor snail (Lair:6)
  5 cane toads
  3 rime drakes
  8 komodo dragons
  2 polar bears
  A troll (D:8)
  6 dream sheep (Lair:6)
  6 blink frogs
  7 hippogriffs
  A human (D:8)
  5 basilisks
  3 wyverns
  24 yaks
  Eustachio (D:4)
  Menkaure (D:6)
  6 water moccasins
  4 hell hounds (Lair:6)
  2 orc warriors
  7 porcupines
  A slave (D:6)
  2 black bears
  3 ice beasts
  A phantom (D:8)
  2 ogres (D:7)
  2 centaurs
  18 wolves
  11 bullfrogs
  10 crocodiles
  Blork the orc (D:5)
  5 scorpions
  5 howler monkeys
  3 wights (D:8)
  3 electric eels
  2 crimson imps
  A jelly (D:5)
  4 lava snakes (Lair:6)
  2 bullfrog skeletons
  3 hounds
  8 orc wizards
  4 orc priests
  A centaur skeleton (D:5)
  2 iguanas
  4 hell rats (Lair:5)
  2 worker ants
  2 hound skeletons
  8 adders
  6 gnolls
  A howler monkey skeleton (D:7)
  3 shadow imps (D:5)
  An ooze (D:3)
  2 adder skeletons
  6 worms
  2 dart slugs
  9 leopard geckos
  26 orcs
  5 bats
  A giant cockroach (D:1)
  5 goblins
  10 hobgoblins
  13 jackals
  7 kobolds
  2 quokkas
  2 ball pythons
  A frilled lizard (D:1)
  8 rats
346 creatures vanquished.

Vanquished Creatures (others)
  23 fungi
  22 plants
45 creatures vanquished.

Grand Total: 391 creatures vanquished

Notes
Turn   | Place    | Note
-------+----------+-------------------------------------------
     0 | D:1      | JackS81 the Fairy Earth Elementalist began the quest for
                  | the Orb.
     0 | D:1      | Reached XP level 1. HP: 11/11 MP: 6/6
   104 | D:1      | Reached XP level 2. HP: 17/17 MP: 8/8
   314 | D:1      | Reached XP level 3. HP: 21/21 MP: 10/10
   710 | D:2      | Reached XP level 4. HP: 27/27 MP: 12/12
   912 | D:2      | Found a hazy altar of Hepliaklqana.
   913 | D:2      | Found a shimmering altar of Xom.
   913 | D:2      | Noticed a spectral ugly thing
   914 | D:2      | Noticed a spectral ugly thing
   914 | D:2      | Noticed a spectral ugly thing
  1037 | D:2      | Learned a level 3 spell: Stone Arrow
  1071 | D:2      | Found a blossoming altar of Fedhas.
  1161 | D:3      | Found a glowing golden altar of the Shining One.
  1529 | D:3      | Reached skill level 5 in Earth Magic
  1529 | D:3      | Reached XP level 5. HP: 32/32 MP: 13/13
  1546 | D:3      | Reached skill level 1 in Fighting
  1871 | D:4      | Reached skill level 1 in Short Blades
  1871 | D:4      | Reached skill level 1 in Shields
  1871 | D:4      | Reached skill level 1 in Conjurations
  2233 | D:4      | Found a blossoming altar of Fedhas.
  2237 | D:4      | Reached XP level 6. HP: 38/38 MP: 11/14
  2258 | D:4      | Reached skill level 1 in Evocations
  2313 | D:4      | Found a large runed translucent door.
  2313 | D:4      | Found a large runed translucent door.
  2318 | D:4      | Noticed yrara's ghost (novice DsFi)
  2462 | D:4      | Noticed Eustachio
  2492 | D:4      | Learned a level 4 spell: Petrify
  2502 | D:4      | Killed Eustachio
  2502 | D:4      | Reached XP level 7. HP: 37/43 MP: 12/16
  3080 | D:5      | Entered Level 5 of the Dungeon
  3143 | D:5      | Reached skill level 5 in Spellcasting
  3271 | D:5      | Got a scorched scimitar
  3276 | D:5      | Identified the +5 scimitar of Ru's Benevolence {slice, rC+
                  | Int+2} (You found it on level 5 of the Dungeon)
  3370 | D:5      | Reached XP level 8. HP: 48/48 MP: 15/18
  3467 | D:5      | Noticed Blork the orc
  3478 | D:5      | Killed Blork the orc
  3823 | D:5      | Found a staircase to the Ecumenical Temple.
  3830 | Temple   | Entered the Ecumenical Temple
  3959 | Temple   | Became a worshipper of Vehumet
  3966 | Temple   | Learned a level 5 spell: Lee's Rapid Deconstruction
  4066 | D:5      | Reached skill level 5 in Dodging
  4450 | D:6      | Found a stormy altar of Qazlal.
  4517 | D:6      | Noticed Menkaure
  4521 | D:6      | Killed Menkaure
  4521 | D:6      | Reached XP level 9. HP: 29/55 MP: 12/21
  4688 | D:6      | Noticed a moth of wrath
  4715 | D:6      | Found a bloodstained altar of Trog.
  5144 | D:6      | Noticed Pikel
  5149 | D:6      | Killed Pikel
  5149 | D:6      | Reached skill level 5 in Conjurations
  5274 | D:6      | Reached * piety under Vehumet
  5274 | D:6      | Offered knowledge of Flame Tongue by Vehumet.
  5550 | D:8      | Noticed a troll
  5553 | D:8      | Killed a troll
  5744 | D:8      | Found Xucw's Book Shop.
  5896 | D:8      | Reached XP level 10. HP: 63/63 MP: 15/24
  5994 | D:8      | Reached ** piety under Vehumet
  5994 | D:8      | Offered knowledge of Searing Ray by Vehumet.
  6090 | D:8      | Learned a level 2 spell: Searing Ray
  6091 | D:8      | Found Ryzur's Armour Shoppe.
  6170 | D:7      | Reached skill level 5 in Shields
  6822 | D:7      | Noticed a death knight
  6848 | D:7      | Found a staircase to the Lair.
  6945 | Lair:1   | Entered Level 1 of the Lair of Beasts
  7440 | Lair:1   | Noticed a cane toad
  7458 | Lair:1   | Killed a cane toad
  7955 | Lair:1   | Reached skill level 10 in Earth Magic
  7956 | Lair:1   | Reached XP level 11. HP: 70/70 MP: 21/26
  7964 | Lair:1   | Offered knowledge of Iskenderun's Mystic Blast by Vehumet.
  8191 | Lair:2   | Reached skill level 5 in Fighting
  8595 | Lair:2   | Found a staircase to the Snake Pit.
  8641 | Lair:2   | Reached *** piety under Vehumet
  9858 | Lair:3   | Offered knowledge of Sticky Flame by Vehumet.
  9929 | Lair:3   | Reached skill level 10 in Spellcasting
 10293 | Lair:3   | Found a staircase to the Swamp.
 10460 | Lair:3   | Noticed a death yak
 10460 | Lair:3   | Noticed a death yak
 10479 | Lair:3   | Noticed a death yak
 10482 | Lair:3   | Noticed a death yak
 10486 | Lair:2   | Killed a death yak
 10670 | Lair:3   | Reached XP level 12. HP: 78/78 MP: 21/28
 11210 | Lair:3   | Killed a death yak
 11304 | Lair:3   | Killed a death yak
 11309 | Lair:3   | Killed a death yak
 11810 | Lair:4   | Found a snail-covered altar of Cheibriados.
 12121 | Lair:4   | Reached skill level 10 in Conjurations
 12184 | Lair:4   | Learned a level 4 spell: Sticky Flame
 12366 | Lair:5   | Noticed a six-headed hydra
 12370 | Lair:5   | Reached skill level 10 in Dodging
 12375 | Lair:5   | Killed a six-headed hydra
 12549 | Lair:5   | Reached **** piety under Vehumet
 12888 | Lair:5   | Offered knowledge of Olgreb's Toxic Radiance by Vehumet.
 13234 | Lair:5   | Reached XP level 13. HP: 86/86 MP: 26/30
 13411 | Lair:5   | Reached skill level 1 in Fire Magic
 13932 | Lair:6   | Entered Level 6 of the Lair of Beasts
 14041 | Lair:6   | Found a staircase to the Slime Pits.
 14782 | Lair:6   | Reached ***** piety under Vehumet
 14916 | Lair:6   | Found a large runed door.
 14916 | Lair:6   | Found a large runed door.
 15653 | Lair:6   | Offered knowledge of Bolt of Magma by Vehumet.
 15660 | Lair:6   | Learned a level 5 spell: Bolt of Magma
 15725 | Lair:6   | Slain by a komodo dragon

Skill      XL: |  1  2  3  4  5  6  7  8  9 10 11 12 13 |
---------------+----------------------------------------+-----
Spellcasting   | 3 4 5 6 8 9 10 11 12 | 12.7
Earth Magic    | 4 5 6 7 8 10 11 12 | 12.6
Dodging        | 3 4 5 6 7 9 10 11 | 11.3
Fighting       | 1 2 3 4 5 7 |  7.8
Short Blades   | 1 3 |  3.0
Shields        | 1 3 4 6 7 9 |  9.9
Conjurations   | 1 2 3 4 6 8 9 10 11 | 11.3
Evocations     | 1 2 |  2.2
Fire Magic     | 1 |  1.0
Stealth        | |  1.5
Transmutations | |  1.1

Action                   |  1- 3 |  4- 6 |  7- 9 | 10-12 | 13-15 || total
-------------------------+-------+-------+-------+-------+-------++-------
Melee: Dagger            |       |     4 |       |    42 |     2 ||    48
       Scimitar          |       |       |    11 |       |       ||    11
Throw: Stone             |       |       |       |     1 |       ||     1
 Cast: Sandblast         |    49 |    68 |    68 |     6 |     1 ||   192
       Stone Arrow       |       |     3 |    99 |   354 |   210 ||   666
       Petrify           |       |     1 |       |       |       ||     1
       Lee's Rapid Decon |       |       |     4 |    17 |     5 ||    26
       Searing Ray       |       |       |       |    17 |       ||    17
       Sticky Flame      |       |       |       |     1 |     1 ||     2
  Use: Scroll            |       |     3 |    18 |     1 |     1 ||    23
 Stab: Petrified         |       |     4 |       |       |       ||     4
  Eat: Chunk             |       |     4 |     7 |    19 |     5 ||    35
       Ration            |       |       |     1 |     1 |     1 ||     3
Armor: Skin              |     3 |     3 |     5 |     6 |     6 ||    23
Dodge: Dodged            |     6 |    23 |    33 |   108 |    46 ||   216
Block: Other             |     3 |    11 |    13 |     6 |       ||    33
       Shield            |       |       |       |   174 |    68 ||   242
